 Dungeon Crawl Stone Soup version 0.31-a0-177-g4aa6249778 (webtiles) character file.

Game seed: 2186057243239532383

14 Moral the Insei (level 2, -2/18 HPs)
             Began as an Octopode Transmuter on June 18, 2023.
             Slain by Jessica
             ... wielding a +4 club
              (7 damage)
             ... on level 2 of the Dungeon.
             The game lasted 00:02:20 (854 turns).

Moral the Insei (Octopode Transmuter)                Turns: 854, Time: 00:02:21

Health: -2/18      AC:  1    Str:  9    XL:     2   Next: 45%
Magic:  4/5        EV: 13    Int: 15    God:
Gold:   49         SH:  0    Dex: 12    Spells: 4/5 levels left

rFire   . .          .
                       - Unarmed
rCold   . . .        (no shield)
rNeg    . . .        (helmet currently unavailable)
rPois   .            (no amulet)
rElec   .            (no ring)
rCorr   .            (no ring)
SInv    .            (no ring)
Will    .....        (no ring)
Stlth   ++           (no ring)
HPRegen 0.23/turn    (no ring)
MPRegen 0.09/turn    (no ring)
                     (no ring)

%: no passive effects
@: appendages
A: tentacle spike 3, almost no armour, amphibious, 8 rings, camouflage 1,
gelatinous body 1, (nimble swimmer 1), tentacles
a: End Transformation


You were on level 2 of the Dungeon.
One of your tentacles had grown a beastly spike.
You visited 1 branch of the dungeon, and saw 2 of its levels.

You collected 49 gold pieces.

Inventory:

Scrolls
 d - a scroll of noise {unknown}
 e - a scroll of teleportation {unknown}
Potions
 a - a potion of lignification
 b - a potion of berserk rage {unknown}
 c - a potion of curing {unknown}
 f - a potion of magic {unknown}


   Skills:
 * Level 1.3 Fighting
 + Level 2.1 Dodging
 * Level 3.2 Unarmed Combat
 + Level 2.1 Spellcasting
 + Level 2.1 Transmutations
 + Level 0.3 Evocations


You had 4 spell levels left.
You knew the following spells:

 Your Spells              Type           Power      Damage    Failure   Level
a - Beastly Appendage     Tmut           16%        N/A       9%          1

Your spell library contained the following spells:

 Spells                   Type           Power      Damage    Failure   Level
 Wereblood                Tmut           8%         N/A       14%         2
 Magic Dart               Conj           4%         1d3       22%         1
 Cigotuvi's Dreadful Rot  Necr/Pois/Air  2%         N/A       32%         2
 Searing Ray              Conj           2%         2d4       32%         2
 Spider Form              Tmut/Pois      4%         N/A       38%         3
 Ignite Poison            Fire/Tmut/Pois 3%         N/A       43%         3
 Ice Form                 Ice/Tmut       4%         N/A       80%         4
 Fulminant Prism          Conj/Hex       0%         3d5       91%         4
 Freezing Cloud           Conj/Ice/Air   0%         6-21      99%         5


Dungeon Overview and Level Annotations

Branches:
Dungeon (2/15)

Altars:

Annotations:
D:2 Jessica


Innate Abilities, Weirdness & Mutations

One of your tentacles has grown a beastly spike.
You cannot wear most types of armour.
You are amphibious.
You can wear up to eight rings at the same time.
Your skin changes colour to match your surroundings (Stealth+).
Your rubbery body absorbs attacks. (AC +1, EV +1)
((You are camouflaged when in or above water. (Stealth+)))
You have tentacles for arms and can constrict up to eight enemies at once.


Message History

Jessica the Apprentice Sorceress comes into view.
She is wielding a +4 club.
You tentacle-slap the kobold.
You kill the kobold!
Jessica shouts!
Things that are here:
a +0 short sword; a kobold corpse Jessica mumbles some strange words.
Jessica seems to speed up.
You hear a shout!
A hobgoblin comes into view.
The hobgoblin shouts!
You see here 13 gold pieces.
You tentacle-slap Jessica. Your grab misses Jessica.
Jessica is moderately wounded.
Jessica barely misses you.
Casting: Beastly Appendage (safe; 9% risk of failure)
Confirm with . or Enter, or press ? or * to list all spells.
You miscast Beastly Appendage.
You are very lightly contaminated with residual magic.
Nothing appears to happen.
Jessica hits you with a +4 club!
Jessica casts a spell.
Jessica blinks!
You tentacle-slap Jessica. Your grab misses Jessica.
Jessica is severely wounded.
Jessica casts a spell.
Jessica blinks!
Unknown command.
Casting: Beastly Appendage (safe; 9% risk of failure)
Confirm with . or Enter, or press ? or * to list all spells.
One of your tentacles grows a vicious spike.
Your magical contamination has completely faded away.
You tentacle-slap the hobgoblin. You grab the hobgoblin.
You pierce the hobgoblin.
You kill the hobgoblin!
Jessica mumbles something strange.
Jessica gestures at you while chanting. Pain shoots through your body!
* * * LOW HITPOINT WARNING * * *
Jessica hits you with a +4 club!
You die...

..... #.# ....# #.#
.... #.# # ... #.# .#
.. #.# ###.##### #.
#.#####<[.....#
######.##..........##.#
.......@.).........#
.......#@..........#
...g...+...######+##
.......#...#
.......###...# #+#####
###..# #... ###


You could see Jessica (fast).

Vanquished Creatures
  A dart slug (D:1)
  4 hobgoblins
  A quokka (D:1)
  2 frilled lizards (D:1)
  3 kobolds
  2 rats (D:1)
13 creatures vanquished.

Notes
Turn   | Place    | Note
-------+----------+-------------------------------------------
     0 | D:1      | Moral the Octopode Transmuter began the quest for the Orb.
     0 | D:1      | Reached XP level 1. HP: 13/13 MP: 3/3
   339 | D:1      | Reached XP level 2. HP: 14/18 MP: 3/5
   838 | D:2      | Noticed Jessica
   854 | D:2      | Slain by Jessica

Illustrated notes

Levels and vault maps discovered:
D:1:      nicolae_arrival_washed_ashore, layout_basic, kennysheep_doodads,
          minmay_misc_feat_five
D:2:      layout_basic, basic_altar, kennysheep_generic_room_4, uniq_jessica,
          uniq_natasha

Action                     || total
---------------------------++-------
  Melee: Unarmed           ||    29
         Constrict         ||    10
         Tentacles         ||     8
         Kick              ||     5
   Cast: Beastly Appendage ||     5
   Stab: Sleeping          ||     2
 Armour: Skin              ||     1
  Dodge: Dodged            ||    11

Table legend: (Time is in decaauts)
 A = Elapsed time spent in this place.
 B = Non-inter-level travel time spent in this place.
 C = Inter-level travel time spent in this place.
 D = Time resting spent in this place.
 E = Time spent auto-exploring this place.
 F = Levels seen in this place.
 G = Mean time per level.
                   A        B        C        D        E       F      G
               +--------+--------+--------+--------+--------+-----+--------+
         Total |    852 |    827 |     25 |      0 |    698 |   2 |  426.0 |
       Dungeon |    852 |    827 |     25 |      0 |    698 |   2 |  426.0 |
               +--------+--------+--------+--------+--------+-----+--------+

Top non-repeatable levels by time:
     D:1: 830 daAuts
     D:2: 21 daAuts
